 Dungeon Crawl Stone Soup version 0.21.1-1-g345015fe64 (webtiles) character file.

751 Delanovic the Cruncher (level 7, -5/42 HPs)
             Began as a Gargoyle Gladiator on May 24, 2018.
             Slain by Duvessa
             ... wielding a +2 rapier of draining
              (14 damage)
             ... on level 4 of the Dungeon.
             The game lasted 00:09:03 (4092 turns).

Delanovic the Cruncher (Gargoyle Gladiator)         Turns: 4092, Time: 00:09:04

Health: -5/42      AC: 14    Str: 18    XL:     7   Next: 78%
Magic:  7/7        EV:  8    Int:  8    God:
Gold:   164        SH:  0    Dex: 13    Spells: 6/6 levels left

rFire    . . .     SeeInvis +   j - +2 quarterstaff (chaos)
rCold    . . .     Gourm    .   (shield currently unavailable)
rNeg     + . .     Faith    .   m - +0 chain mail (curse)
rPois    ∞         Spirit   .   c - +0 helmet
rElec    +         Reflect  .   r - scarf {repulsion}
rCorr    +         Harm     .   (no gloves)
MR       .....                  (no boots)
Stlth    ..........             (no amulet)
HPRegen  0.54/turn              q - ring of resist corrosion
MPRegen  0.10/turn              (no ring)

@: repel missiles
A: rugged brown scales 1, see invisible, negative energy resistance 1,
regeneration 1, electricity resistance, unbreathing, petrification resistance,
rot immunity, AC +4
a: no special abilities


You were on level 4 of the Dungeon.
You were not hungry.

You visited 1 branch of the dungeon, and saw 4 of its levels.

You collected 164 gold pieces.

Inventory:

Hand Weapons
 a - a +0 quarterstaff
 j - a +2 quarterstaff of chaos (weapon)
Missiles
 d - 2 throwing nets (quivered)
Armour
 b - a +0 leather armour
 c - a +0 helmet (worn)
 m - a cursed +0 chain mail (worn)
 o - a +0 cloak
 r - a scarf of repulsion (worn)
Jewellery
 q - a ring of resist corrosion (left hand)
Wands
 n - a wand of polymorph (11)
 t - a wand of random effects (33)
Scrolls
 e - a scroll of teleportation
 g - 2 scrolls of identify
 h - 2 scrolls of magic mapping {unknown}
 i - 4 scrolls of remove curse {unknown}
 k - a scroll of noise {unknown}
 l - 2 scrolls of enchant weapon {unknown}
 v - a scroll of fog {unknown}
Potions
 p - a potion of degeneration
 w - a potion of ambrosia
Comestibles
 f - 9 rations
 u - 11 chunks of flesh


   Skills:
 + Level 3.6 Fighting
 + Level 8.0 Staves
 - Level 1.7 Throwing
 + Level 3.3 Dodging


You had 6 spell levels left.
You didn't know any spells.

Dungeon Overview and Level Annotations

Branches:
Dungeon (4/15)
 Temple: D:4-7

Altars:
Zin

Annotations:
D:4 Dowan, Duvessa


Innate Abilities, Weirdness & Mutations

You are resistant to torment.
Your stone body is resilient. (AC +4)
You are immune to poison.
You resist negative energy. (rN+)
You are resistant to electric shocks. (rElec)
You can survive without breathing.
You are immune to petrification.
You are immune to rotting.
You are partially covered in rugged brown scales. (AC +1, +3% HP)
You have supernaturally acute eyesight. (SInv)
Your natural rate of healing is unusually fast.


Message History

You hit Duvessa but do no damage.
Duvessa is severely wounded.
Duvessa hits you but does no damage.
You completely miss Duvessa.
Duvessa is severely wounded.
Duvessa hits you with a rapier of draining.
Duvessa hits you but does no damage.
Dowan shouts!
You hit Duvessa.
Duvessa is almost dead.
Duvessa hits you with a rapier of draining!
You hit Duvessa.
Duvessa is almost dead.
Dowan says, "Magic and the sword, together, will defeat you."
Duvessa hits you with a rapier of draining!
* * * LOW HITPOINT WARNING * * *
Your chain mail prevents you from hitting Duvessa.
Duvessa is almost dead.
Duvessa hits you with a rapier of draining!
You die...

.##.##.>..# ..#
.##.##....##..##.#.
.##.##....#.......
....##....#.......
#......†..>.......
#####...........e#
#.###.######.# #.#
#.# #e# #.# #.# #@#
#.# #.######.####..
#.#
#...............
#.#
#.######.#####..
#.# #.# #...
#.###.##########
#.........#
###########


You could see Duvessa (berserk) and Dowan.

Vanquished Creatures
  Sigmund (D:3)
  The ghost of raetorn the Slasher, an amateur VSFi (D:3)
  An ogre (D:4)
  An orc priest (D:3)
  Crazy Yiuf (D:2)
  Terence (D:2)
  Natasha (twice) (D:2)
  2 orc wizards (D:3)
  A worker ant (D:4)
  Robin (D:4)
  4 gnolls (D:4)
  5 adders
  An ooze (D:3)
  A leopard gecko (D:3)
  14 orcs
  A giant cockroach (D:1)
  17 goblins
  7 hobgoblins
  13 jackals
  6 kobolds
  8 bats
  8 frilled lizards
  4 rats
101 creatures vanquished.

Vanquished Creatures (others)
  An adder (D:3)
1 creature vanquished.

Grand Total: 102 creatures vanquished

Notes
Turn   | Place    | Note
-------+----------+-------------------------------------------
     0 | D:1      | Delanovic the Gargoyle Gladiator began the quest for the Orb.
     0 | D:1      | Reached XP level 1. HP: 12/12 MP: 1/1
   320 | D:1      | Reached XP level 2. HP: 11/17 MP: 2/2
  1200 | D:2      | Noticed Natasha
  1205 | D:2      | Killed Natasha
  1205 | D:2      | Reached skill level 4 in Staves
  1205 | D:2      | Reached XP level 3. HP: 5/21 MP: 3/3
  1622 | D:2      | Noticed Terence
  1639 | D:2      | Killed Terence
  1639 | D:2      | Reached skill level 5 in Staves
  1639 | D:2      | Reached XP level 4. HP: 16/26 MP: 4/4
  1898 | D:2      | Found a runed door.
  1981 | D:2      | Noticed Natasha
  1988 | D:2      | Killed Natasha
  2263 | D:2      | Reached XP level 5. HP: 30/30 MP: 5/5
  2398 | D:2      | Noticed Crazy Yiuf
  2410 | D:2      | Killed Crazy Yiuf
  2646 | D:3      | Reached skill level 6 in Staves
  2877 | D:3      | Reached XP level 6. HP: 35/35 MP: 6/6
  3065 | D:3      | Noticed Sigmund
  3078 | D:3      | Killed Sigmund
  3078 | D:3      | Reached skill level 7 in Staves
  3143 | D:3      | Noticed raetorn's ghost (amateur VSFi)
  3149 | D:3      | Killed raetorn's ghost
  3149 | D:3      | Reached XP level 7. HP: 40/40 MP: 7/7
  3560 | D:4      | Noticed Duvessa
  3563 | D:4      | Noticed Dowan
  3695 | D:4      | Found a glowing silver altar of Zin.
  3886 | D:4      | Noticed Robin
  3918 | D:4      | Killed Robin
  3942 | D:4      | Gained mutation: Your natural rate of healing is unusually fast. [potion of mutation]
  3942 | D:4      | Gained mutation: You have supernaturally acute eyesight. (SInv) [potion of mutation]
  3942 | D:4      | Gained mutation: You are partially covered in rugged brown scales. (AC +1, +3% HP) [potion of mutation]
  3962 | D:4      | Reached skill level 8 in Staves
  4092 | D:4      | Slain by Duvessa

Skill      XL: |  1  2  3  4  5  6  7 |
---------------+----------------------+-----
Staves         | 4 5 6 7 8 |  8.0
Fighting       | 3 |  3.6
Dodging        | 3 |  3.3
Throwing       | |  1.7

Action                   |  1- 3 |  4- 6 |  7- 9 || total
-------------------------+-------+-------+-------++-------
Melee: Quarterstaff      |    78 |   131 |   137 ||   346
Throw: Throwing net      |       |       |     1 ||     1
  Use: Potion            |     1 |     3 |     2 ||     6
       Scroll            |       |       |     3 ||     3
 Stab: Petrifying        |       |     1 |       ||     1
  Eat: Chunk             |     2 |     5 |     3 ||    10
Armor: Leather armour    |    27 |       |       ||    27
       Chain mail        |       |    69 |    98 ||   167
Dodge: Dodged            |    37 |    31 |    54 ||   122
